 Dungeon Crawl Stone Soup version 0.29.1-2-gbd0b4ee654 (webtiles) character file.

Game seed: 10392997293980162859

74 croobank the Caller (level 4, -1/28 HPs)
             Began as an Octopode Summoner on Nov 8, 2022.
             Slain by an adder (3 damage)
             ... on level 3 of the Dungeon.
             The game lasted 00:05:35 (2742 turns).

croobank the Caller (Octopode Summoner)             Turns: 2742, Time: 00:05:36

Health: -1/28      AC:  1    Str:  7    XL:     4   Next: 30%
Magic:  2/7        EV: 13    Int: 19    God:
Gold:   173        SH:  0    Dex: 12    Spells: 1/7 levels left

rFire   + . .      SeeInvis .   g - +0 short sword
rCold   . . .      Faith    .   (no shield)
rNeg    . . .      Spirit   .   (helmet restricted)
rPois   .          Reflect  .   (no amulet)
rElec   .          Harm     .   l - ring of resist corrosion
rCorr   +          Rampage  .   p - ring of protection from fire
Will    .....                   (no ring)
Stlth   +++.......              (no ring)
HPRegen 0.09/turn               (no ring)
MPRegen 0.10/turn               (no ring)
                                (no ring)
                                (no ring)

@: lethally poisoned (-1 -> -6)
A: almost no armour, amphibious, 8 rings, camouflage 1, gelatinous body 1,
(nimble swimmer 1), tentacles
a: no special abilities


You were on level 3 of the Dungeon.
You visited 1 branch of the dungeon, and saw 3 of its levels.

You collected 173 gold pieces.

Inventory:

Hand Weapons
 g - a +0 short sword (weapon)
Jewellery
 l - a ring of resist corrosion (left tentacle)
 p - a ring of protection from fire (right tentacle)
Scrolls
 b - 4 scrolls of blinking {unknown}
 c - a scroll of silence {unknown}
 f - a scroll of summoning {unknown}
 i - 2 scrolls of identify {unknown}
 m - a scroll of enchant armour {unknown}
 n - a scroll of amnesia {unknown}
Potions
 a - a potion of magic
 d - 2 potions of flight {unknown}
 e - a potion of ambrosia {unknown}
 h - 2 potions of invisibility {unknown}
 j - a potion of might {unknown}
 k - a potion of haste {unknown}
 o - a potion of attraction {unknown}


   Skills:
 + Level 1.3 Fighting
 + Level 2.6 Dodging
 + Level 3.7 Stealth
 + Level 2.4 Spellcasting
 + Level 4.4 Summonings


You had one spell level left.
You knew the following spells:

 Your Spells              Type           Power      Damage    Failure   Level
a - Summon Small Mammal   Summ           76%        N/A       2%          1
b - Call Imp              Summ           19%        N/A       4%          2
c - Call Canine Familiar  Summ           19%        N/A       8%          3

Your spell library contained the following spells:

 Spells                   Type           Power      Damage    Failure   Level
 Summon Guardian Golem    Hex/Summ       10%        N/A       21%         3
 Confusing Touch          Hex            2%         N/A       43%         3
 Summon Lightning Spire   Summ/Air       10%        N/A       54%         4
 Yara's Violent Unravell  Hex/Tmut       1%         3d3       99%         5
 Enfeeble                 Hex            1%         N/A       100%        7


Dungeon Overview and Level Annotations

Branches:
Dungeon (3/15)

Altars:

Annotations:
D:2 1 runed translucent door, Crazy Yiuf, Sigmund


Innate Abilities, Weirdness & Mutations

You cannot wear most types of armour.
You are amphibious.
You can wear up to eight rings at the same time.
Your skin changes colour to match your surroundings (Stealth+).
Your rubbery body absorbs attacks. (AC +1, EV +1)
((You are camouflaged when in or above water. (Stealth+)))
You have tentacles for arms and can constrict up to eight enemies at once.


Message History

An adder is nearby!
A hobgoblin comes into view.
Casting: Call Imp (safe; 4% risk of failure)
Confirm with . or Enter, or press ? or * to list all spells.
A beastly little devil appears in a puff of flame.
The adder bites you. x2
You are poisoned.
The adder poisons you!
You hit the adder but do no damage. Your grab misses the adder.
You feel sick. The adder bites you.
You are more poisoned.
The adder poisons you!
You hit the adder but do no damage. Your grab misses the adder.
You feel very sick. The adder bites you.
You are too injured to fight recklessly!
You hit the adder. You grab the adder.
You tentacle-slap the adder, but do no damage.
The adder is moderately wounded.
You constrict the adder.
You feel sick. The adder barely misses you. x2
Your crimson imp barely misses the adder.
Casting: Call Imp (safe; 4% risk of failure)
Confirm with . or Enter, or press ? or * to list all spells.
You constrict the adder.
You feel sick. The adder bites you.
You are lethally poisoned!
The adder poisons you!
Your crimson imp hits the adder.
You release your grip on the adder.
The adder attacks as you move away! The adder bites you.
* * * LOW HITPOINT WARNING * * *
x2 You feel sick.
The hobgoblin shouts!
Your crimson imp blinks!
The adder closely misses you. The adder attacks as you move away!
The adder bites you but does no damage.
* * * LOW HITPOINT WARNING * * *
You feel sick.
Your hound closely misses the adder.
Your hound bites the adder but does no damage.
* * * LOW HITPOINT WARNING * * *
You feel sick. The adder bites you.
You die...

......##..................
..........................
......................_...
.........#'###...#...#+#.
...#+#####.# #...'.###
...#$#####.###...#+##
.............#......# #...
........S....####...# #...
........h@...# #...###...
.............# #....##...
.............# #....##...
.............# #....##...
...#+##.g...... #....##...
.. #.........#......... .
#......5..########'#
.....#..............
.......>.


You could see an adder (ally target), a hobgoblin, a friendly hound (summoned)
and a friendly crimson imp (summoned).

Vanquished Creatures
  An iguana (D:3)
  An adder (D:2)
  A dart slug (D:2)
  A ball python (D:1)
  2 giant cockroaches
  A goblin (D:1)
  A hobgoblin (D:2)
  2 jackals (D:2)
  A quokka (D:1)
  A frilled lizard (D:2)
  3 kobolds
  A rat (D:1)
  A bush (D:2)
17 creatures vanquished.

Vanquished Creatures (collateral kills)
  An orc (D:3)
  3 ball pythons
  2 endoplasms
  A giant cockroach (D:3)
  5 goblins
  A jackal (D:2)
  A quokka (D:1)
  A frilled lizard (D:1)
  2 kobolds (D:2)
17 creatures vanquished.

Vanquished Creatures (others)
  2 fungi (D:2)
  6 plants (D:2)
8 creatures vanquished.

Grand Total: 42 creatures vanquished

Notes
Turn   | Place    | Note
-------+----------+-------------------------------------------
     0 | D:1      | croobank the Octopode Summoner began the quest for the Orb.
     0 | D:1      | Reached XP level 1. HP: 11/11 MP: 3/3
   189 | D:1      | Reached XP level 2. HP: 18/18 MP: 3/5
   874 | D:1      | Learned a level 2 spell: Call Imp
  1581 | D:2      | Reached skill level 1 in Fighting
  1581 | D:2      | Reached XP level 3. HP: 19/23 MP: 3/6
  1786 | D:2      | Noticed Sigmund
  2078 | D:2      | Found a runed translucent door.
  2079 | D:2      | Noticed Crazy Yiuf
  2429 | D:3      | Learned a level 3 spell: Call Canine Familiar
  2600 | D:3      | Reached XP level 4. HP: 24/28 MP: 3/7
  2700 | D:3      | Found a faded altar of an unknown god.
  2742 | D:3      | Slain by an adder

Illustrated notes

Levels and vault maps discovered:
D:1:      dpeg_arrival_fog, layout_loops_cross
D:2:      layout_loops_ring, serial_forest, infiniplex_forest_straight_3,
          infiniplex_forest_straight_3, infiniplex_forest_end_double,
          infiniplex_forest_lined_3_way, infiniplex_forest_clump_double,
          infiniplex_forest_clump_curved, infiniplex_forest_3_way,
          infiniplex_forest_lined_2, minmay_misc_feat_tower,
          uniq_crazy_yiuf_cottage, uniq_robin, uniq_sigmund
D:3:      layout_basic, nemelex_spade_bored_becter, basic_ecumenical_altar

Skill      XL: |  1  2 |
---------------+-------+-----
Stealth        | 3 |  3.7
Fighting       | 1 |  1.3
Dodging        | |  2.6
Spellcasting   | |  2.4
Summonings     | |  4.4

Action                   |  1- 3 |  4- 6 || total
-------------------------+-------+-------++-------
Melee: Constrict         |    18 |     1 ||    19
       Tentacles         |    50 |       ||    50
       Unarmed           |     2 |       ||     2
       Short sword       |   140 |     3 ||   143
       Punch             |     3 |     1 ||     4
 Cast: Summon Small Mamm |    39 |     1 ||    40
       Call Imp          |     5 |     2 ||     7
       Call Canine Famil |     2 |     1 ||     3
 Stab: Sleeping          |     2 |       ||     2
Armor: Skin              |     4 |     1 ||     5
Dodge: Dodged            |    26 |     3 ||    29
